 Dungeon Crawl Stone Soup version 0.31-a0-965-g8a8ce12e04 (webtiles) character file.

Game seed: 2766108122223581508

199 Maxmaps the Trooper (level 5, -6/57 HPs)
             Began as an Ogre Shapeshifter on Oct 27, 2023.
             Mangled by an iguana (25 damage)
             ... on level 4 of the Dungeon.
             The game lasted 00:02:18 (3324 turns).

Maxmaps the Trooper (Ogre Shapeshifter)             Turns: 3324, Time: 00:02:18

Health: -6/57      AC:  3    Str: 18    XL:     5   Next: 77%
Magic:  5/5        EV:  1    Int: 13    God:
Gold:   151        SH:  0    Dex:  8    Spells: 4/4 levels left

rFire   . .          .
                       - Unarmed
rCold   . . .        r - +0 kite shield
rNeg    . . .        a - +0 animal skin
rPois   .            (helmet currently unavailable)
rElec   .            (cloak currently unavailable)
rCorr   .            (gloves unavailable)
SInv    .            (boots unavailable)
Will    .....        (no amulet)
Stlth   +            (no ring)
HPRegen 0.29/turn    (no ring)
MPRegen 0.09/turn

%: no passive effects
@: beast-form, sleeping
A: beast (slay +1), large, unfitting armour, tough skin 1
a: Begin Untransformation


You were on level 4 of the Dungeon.
You were a hulking beast.
You visited 1 branch of the dungeon, and saw 4 of its levels.

You collected 151 gold pieces.

Inventory:

Armour
 a - a +0 animal skin (worn)
 k - a +0 cloak
 r - a +0 kite shield (worn)
Jewellery
 i - a ring of ice
Talismans
 c - a beast talisman
 d - a flux talisman
Scrolls
 g - 7 scrolls of identify {unknown}
 h - 3 scrolls of teleportation {unknown}
 j - a scroll of blinking {unknown}
 m - a scroll of silence {unknown}
 n - a scroll of enchant weapon {unknown}
 p - a scroll of poison {unknown}
Potions
 b - 2 potions of lignification
 e - a potion of degeneration {unknown}
 f - 2 potions of enlightenment {unknown}
 l - a potion of mutation {unknown}
 o - a potion of heal wounds {unknown}
 q - a potion of invisibility {unknown}
 s - a potion of curing {unknown}


   Skills:
 - Level 5.0 Fighting
 - Level 1.7 Dodging
 + Level 3.7 Shields
 - Level 2.6 Unarmed Combat
 - Level 3.0 Shapeshifting


You had 4 spell levels left.
You didn't know any spells.
Your spell library contained the following spells:

 Spells                   Type           Power      Damage    Failure   Level
 Kiss of Death            Conj/Necr      0%         2d5       63%         1
 Confusing Touch          Hex            0%         N/A       94%         3
 Dispel Undead            Necr           0%         3d6       100%        4


Dungeon Overview and Level Annotations

Branches:
Dungeon (4/15)
 Temple: D:4-7

Altars:
Fedhas
Hepliaklqana
Kikubaaqudgha
Nemelex Xobeh
Vehumet
Wu Jian


Innate Abilities, Weirdness & Mutations

You are a hulking beast.
Your limbs bulge with bestial killing power. (Slay +1)
You are too large for most types of armour.
You have tough skin. (AC +1)


Message History

You hit the endoplasm.
You kill the endoplasm!
No target in view!
No target in view!
No target in view!
No target in view!
g - 7 scrolls labelled FINLAI ULASANG (gained 1)
Found a sling.
No target in view!
Found a leather armour.
A sleepcap comes into view.
An iguana comes into view.
The iguana hisses angrily.
You see here a +0 leather armour.
The sleepcap releases spores at you.
You are engulfed in a cloud of soporific spores!
You fall asleep.
The sleepcap releases spores at you!
You wake up.
You hit the sleepcap.
The sleepcap is lightly damaged.
The sleepcap releases spores at you.
You are engulfed in a cloud of soporific spores!
You are unaffected.
The iguana barely misses you.
You hit the sleepcap but do no damage.
The sleepcap is lightly damaged.
The sleepcap releases spores at you.
You are engulfed in a cloud of soporific spores!
You are unaffected.
The iguana closely misses you.
You hit the sleepcap but do no damage.
The sleepcap is lightly damaged.
You block the sleepcap's attack. The iguana bites you!
You are too injured to fight recklessly!
You hit the sleepcap but do no damage.
The sleepcap is lightly damaged.
You block the sleepcap's attack. The iguana bites you. The iguana misses you.
The sleepcap releases spores at you.
You are engulfed in a cloud of soporific spores!
You fall asleep.
The iguana bites you!!
You die...

#. # #. #####.####### #.
##...#... >... #.
##......# #... #.
##.......## ##...###.
##...fl....##.........
#....h................
...#.........##........#
#.#..[....## ##...##.# #
##.....## #.. #.#
#.######...####### #รท#
#................### #.#
#######............####.#
#.#...........##...
#.#..........#.....


You could see a sleepcap and an iguana.

Vanquished Creatures
  A scorpion (D:4)
  An iguana (D:4)
  3 adders
  2 worms (D:3)
  An orc (D:3)
  9 ball pythons
  9 endoplasms
  3 giant cockroaches
  5 goblins
  6 hobgoblins
  11 jackals
  7 kobolds
  3 quokkas
  3 bats
  3 frilled lizards (D:2)
  10 rats
77 creatures vanquished.

Notes
Turn   | Place    | Note
-------+----------+-------------------------------------------
     0 | D:1      | Maxmaps the Ogre Shapeshifter began the quest for the Orb.
     0 | D:1      | Reached XP level 1. HP: 19/19 MP: 1/1
    73 | D:1      | Reached skill level 2 in Fighting
   180 | D:1      | Reached XP level 2. HP: 23/29 MP: 2/2
   231 | D:1      | Reached skill level 3 in Fighting
   617 | D:1      | Reached XP level 3. HP: 37/39 MP: 3/3
   641 | D:1      | Reached skill level 4 in Fighting
  1191 | D:2      | Found a sparkling altar of Nemelex Xobeh.
  1420 | D:2      | Reached skill level 5 in Fighting
  1420 | D:2      | Reached XP level 4. HP: 50/50 MP: 4/4
  1717 | D:2      | Reached skill level 1 in Shields
  1892 | D:3      | Found an ancient bone altar of Kikubaaqudgha.
  2292 | D:3      | Found a hazy altar of Hepliaklqana.
  2484 | D:3      | Found a radiant altar of Vehumet.
  2801 | D:3      | Found an ornate altar of the Wu Jian Council.
  2801 | D:3      | Found a blossoming altar of Fedhas.
  2897 | D:4      | Noticed a scorpion
  2908 | D:4      | Killed a scorpion
  2909 | D:4      | Reached XP level 5. HP: 25/57 MP: 5/5
  3088 | D:4      | HP: 1/57 [iguana (11)]
  3324 | D:4      | Mangled by an iguana

Illustrated notes

Levels and vault maps discovered:
D:1:      kennysheep_arrival_forest, layout_basic
D:2:      layout_loops_ring, serial_glass, glass_columns_b, glass_columns_b,
          basic_altar, minmay_hexomino_u4
D:3:      layout_basic, mainiacjoe_overflow_small_starburst,
          fiery_altar_vehumet, kiku_gazebo_pond_becter,
          gammafunk_temple_overflow_pools, minmay_misc_feat_secret_circle
D:4:      layout_loops_ring, nicolae_uskayaw_murder_on_the_dancefloor,
          minmay_misc_feat_plants

Skill      XL: |  1  2  3  4 |
---------------+-------------+-----
Fighting       | 2 3 5 |  5.0
Shields        | 3 |  3.7
Dodging        | |  1.7
Unarmed Combat | |  2.6
Shapeshifting  | |  3.0

Action                     |  1- 3 |  4- 6 || total
---------------------------+-------+-------++-------
  Melee: Unarmed           |   126 |   147 ||   273
         Punch             |     1 |       ||     1
   Stab: Sleeping          |       |     1 ||     1
 Armour: Animal skin       |    73 |    90 ||   163
  Dodge: Dodged            |    53 |    57 ||   110
  Block: Kite shield       |       |    42 ||    42

Table legend: (Time is in decaauts)
 A = Elapsed time spent in this place.
 B = Non-inter-level travel time spent in this place.
 C = Inter-level travel time spent in this place.
 D = Time resting spent in this place.
 E = Time spent auto-exploring this place.
 F = Levels seen in this place.
 G = Mean time per level.
                   A        B        C        D        E       F      G
               +--------+--------+--------+--------+--------+-----+--------+
         Total |   3332 |   3181 |    151 |    329 |   2306 |   4 |  833.0 |
       Dungeon |   3332 |   3181 |    151 |    329 |   2306 |   4 |  833.0 |
               +--------+--------+--------+--------+--------+-----+--------+

Top non-repeatable levels by time:
     D:1: 977 daAuts
     D:3: 968 daAuts
     D:2: 907 daAuts
     D:4: 478 daAuts
